 Dungeon Crawl Stone Soup version 0.30.0-17-ge0270778cf (webtiles) character file.

Game seed: 10686213286947865607

1014 NateTC the Ducker (level 8, -11/41 HPs)
             Began as a Tengu Air Elementalist on May 21, 2023.
             Killed from afar by a gargoyle (22 damage)
             ... with a stone arrow
             ... on level 5 of the Dungeon on May 22, 2023.
             The game lasted 00:18:22 (6093 turns).

NateTC the Ducker (Tengu Air Elementalist)          Turns: 6093, Time: 00:18:22

Health: -11/41     AC:  3    Str:  9    XL:     8   Next: 21%
Magic:  11/23      EV: 19    Int: 17    God:
Gold:   275        SH:  0    Dex: 15    Spells: 11/14 levels left

rFire   . . .        (no weapon)
rCold   . . .        (no shield)
rNeg    . . .        a - +0 robe
rPois   .            (helmet restricted)
rElec   .            (no cloak)
rCorr   .            n - +0 pair of gloves
SInv    .            (boots unavailable)
Will    .....        h - amulet of regeneration
Stlth   ++           l - ring of magical power
HPRegen 1.06/turn    (no ring)
MPRegen 0.18/turn

%: no passive effects
@: flying quickly and evasively, quick
A: beak, talons 3, nimble flight
a: no special abilities


You were on level 5 of the Dungeon.
You visited 1 branch of the dungeon, and saw 5 of its levels.

You collected 275 gold pieces.

Inventory:

Missiles
 o - a throwing net
Armour
 a - a +0 robe (worn)
 n - a +0 pair of gloves (worn)
Jewellery
 h - an amulet of regeneration (around neck)
 l - a ring of magical power (left hand)
Scrolls
 b - 7 scrolls of teleportation
 e - 4 scrolls of fog
 p - a scroll of brand weapon {unknown}
 r - a scroll of fear
Potions
 c - a potion of curing {unknown}
 d - 2 potions of cancellation
 f - a potion of lignification
 g - a potion of might {unknown}
 i - a potion of mutation
 j - a potion of resistance {unknown}
 k - 2 potions of attraction {unknown}
 m - 2 potions of flight {unknown}
 q - a potion of degeneration {unknown}


   Skills:
 * Level 7.8 Dodging
 - Level 2.0 Stealth
 - Level 3.6 Spellcasting
 - Level 5.2 Conjurations
 - Level 6.0 Air Magic


You had 11 spell levels left.
You knew the following spells:

 Your Spells              Type           Power      Damage    Failure   Level
a - Shock                 Conj/Air       88%        1d8       1%          1
b - Static Discharge      Conj/Air       44%        2-4/arc   2%          2

Your spell library contained the following spells:

 Spells                   Type           Power      Damage    Failure   Level
 Swiftness                Air            23%        N/A       4%          3
 Momentum Strike          Conj/Tloc      24%        3d8       9%          2
 Airstrike                Air            11%        2d(2-18)  14%         4
 Blink                    Tloc           6%         N/A       26%         2
 Lesser Beckoning         Tloc           6%         N/A       26%         2


Dungeon Overview and Level Annotations

Branches:
Dungeon (5/15) Zot: 24110
 Temple: D:4-7

Altars:
Ashenzari


Innate Abilities, Weirdness & Mutations

You have a beak for a mouth.
You have claws for feet.
Your magical nature lets you fly swiftly and evasively.


Message History

You are struck by an arc of lightning.
The lightning grounds out.
The gargoyle completely misses you.
Casting: Static Discharge (safe; 2% risk of failure)
Confirm with . or Enter, or press ? or * to list all spells.
The gargoyle is struck by an arc of lightning.
The gargoyle resists.
The gargoyle is moderately damaged.
You are struck by an arc of lightning.
The gargoyle is struck by an arc of lightning.
The gargoyle resists.
The gargoyle is moderately damaged.
The lightning grounds out.
The gargoyle misses you.
Casting: Static Discharge (safe; 2% risk of failure)
Confirm with . or Enter, or press ? or * to list all spells.
The gargoyle is struck by an arc of lightning.
The gargoyle resists.
The gargoyle is moderately damaged.
You are struck by an arc of lightning.
The gargoyle is struck by an arc of lightning.
The gargoyle resists.
The gargoyle is moderately damaged.
You are struck by an arc of lightning.
The lightning grounds out.
The gargoyle hurls a stone arrow at you.
The stone arrow hits you!!
Casting: Static Discharge (safe; 2% risk of failure)
Confirm with . or Enter, or press ? or * to list all spells.
The gargoyle is struck by an arc of lightning.
The gargoyle resists.
The gargoyle is heavily damaged.
You are struck by an arc of lightning.
The gargoyle is struck by an arc of lightning.
The gargoyle resists.
The gargoyle is heavily damaged.
You are struck by an arc of lightning.
* * * LOW HITPOINT WARNING * * *
The lightning grounds out.
The gargoyle hurls a stone arrow at you.
The stone arrow hits you!!
Ouch! That really hurt!
You die...

##................## #
#.................# #
##.................# ##
#..........#.......# #.
##.........###.....## ##.
#.........####.....# #..
#.....###..##......### ##..
####### ##.9...###...###...
### ##.@##.........#....
..## #............#......
...###
##.............##....
.....##
##..............###...
......# ##...............#
##.. ......##
#...............## #.#
.......# ##...............#
##.#
.......###..#...........###
#..#
...<....#..##############
#..#


You could see a gargoyle.

Vanquished Creatures
  Sigmund (D:3)
  An ice beast (D:5)
  3 ogres
  A scorpion (D:4)
  2 jellies (D:4)
  4 hounds
  Natasha (D:3)
  An iguana (D:5)
  An orc wizard (D:5)
  3 adders
  7 gnolls
  A worm (D:2)
  8 dart slugs
  5 orcs
  2 bats (D:1)
  2 endoplasms
  3 giant cockroaches
  5 goblins
  3 hobgoblins
  6 jackals (D:1)
  A quokka (D:5)
  A ball python (D:2)
  2 frilled lizards
  6 kobolds
  4 rats
74 creatures vanquished.

Notes
Turn   | Place    | Note
-------+----------+-------------------------------------------
     0 | D:1      | NateTC the Tengu Air Elementalist began the quest for the
                  | Orb.
     0 | D:1      | Reached XP level 1. HP: 10/10 MP: 4/4
   231 | D:1      | Reached XP level 2. HP: 8/15 MP: 0/6
   418 | D:1      | Learned a level 2 spell: Static Discharge
   747 | D:1      | Reached XP level 3. HP: 19/19 MP: 0/7
   922 | D:1      | You fall into a shaft and drop 1 floor!
  1983 | D:2      | Reached XP level 4. HP: 24/24 MP: 0/9
  2018 | D:2      | Reached skill level 5 in Air Magic
  2502 | D:3      | Found a broken altar of Ashenzari.
  2876 | D:3      | Noticed Sigmund
  2924 | D:3      | Killed Sigmund
  2925 | D:3      | Gained mutation: Your magical nature lets you fly swiftly
                  | and evasively. [Tengu growth]
  2925 | D:3      | Reached XP level 5. HP: 17/28 MP: 0/11
  2925 | D:3      | Reached XP level 6. HP: 19/32 MP: 0/12
  3604 | D:3      | Noticed Natasha
  3735 | D:3      | Killed Natasha
  3946 | D:4      | Reached skill level 3 in Dodging
  3946 | D:4      | Reached skill level 5 in Conjurations
  4122 | D:4      | Reached skill level 4 in Dodging
  4122 | D:4      | Reached XP level 7. HP: 23/36 MP: 12/13
  4989 | D:4      | Reached skill level 5 in Dodging
  5060 | D:5      | Entered Level 5 of the Dungeon
  5071 | D:5      | Reached skill level 6 in Dodging
  5667 | D:5      | Reached XP level 8. HP: 41/41 MP: 14/14
  5731 | D:5      | Reached skill level 7 in Dodging
  5977 | D:5      | Noticed a gargoyle
  6093 | D:5      | Killed from afar by a gargoyle

Illustrated notes

Levels and vault maps discovered:
D:1:      lemuel_arrival_river_bridge, layout_loops_ring, serial_forest,
          infiniplex_forest_end_3, infiniplex_forest_clump_small,
          infiniplex_forest_zigzag_2, infiniplex_forest_clump_small,
          infiniplex_forest_clump_double, infiniplex_forest_clump_small,
          glass_columns_c
D:2:      layout_rooms, kennysheep_potato
D:3:      layout_loops_corners, mainiacjoe_overflow_cross_hatched,
          serial_forest, infiniplex_forest_clump_C, infiniplex_forest_end_1,
          infiniplex_forest_split, infiniplex_forest_clump_small,
          infiniplex_forest_clump_diagonal, chequers_serial_rivers_marsh,
          uniq_sigmund, uniq_natasha
D:4:      layout_gridville
D:5:      layout_cave_pods

Skill      XL: |  1  2  3  4  5  6  7  8 |
---------------+-------------------------+-----
Conjurations   | 2 3 4 5 |  5.2
Air Magic      | 5 6 |  6.0
Spellcasting   | 3 |  3.6
Dodging        | 4 6 7 |  7.8
Stealth        | |  2.0

Action                     |  1- 3 |  4- 6 |  7- 9 || total
---------------------------+-------+-------+-------++-------
  Melee: Unarmed           |    13 |    39 |       ||    52
         Peck              |     4 |    16 |       ||    20
         Kick              |     6 |    22 |       ||    28
         Punch             |       |     1 |       ||     1
   Cast: Shock             |    79 |    60 |    91 ||   230
         Static Discharge  |       |     8 |    12 ||    20
    Use: Potion            |     1 |       |       ||     1
         Scroll            |     5 |     6 |     4 ||    15
   Stab: Sleeping          |       |     1 |       ||     1
 Armour: Robe              |    11 |     6 |       ||    17
  Dodge: Dodged            |    46 |    27 |    19 ||    92
